Workbook

Sheet Trading Comparables
B2: Date : 18th of July 2019
B3: List of Peers
B4: Company Name | C4: Exchange / Ticker | D4: Currency | E4: Units | F4: Market Cap | G4: Adjusted Market Cap | H4: Price to Earnings Ratio | I4: EV/EBITDA | J4: Revenue CAGR | K4: Gross Margins | L4: EBIT Margin | M4: Price to Sales | N4: Switch
B5: Huya (mkt cap in USD) | C5: NYSE: HUYA | D5: =Huya!D4 -> RMB | E5: in thousands | F5: =Huya!C31 -> 5.3566348e+09 | G5: =F5 -> 5.3566348e+09 | H5: =Huya!D31 -> #N/A | I5: =Huya!F31 -> 632.08907 | J5: =Huya!E7 -> 1.4380537 | K5: =Huya!F15 -> 0.13388645 | L5: =Huya!F19 -> 0.0049032017 | M5: =Huya!C32/(Huya!E11*1000) -> 6.5508526 | P5: ^ Note yahoo finance has their EBITDA as N/A
B6: Inke (mkt cap in HKD) | C6: HKG: 3700 | D6: =Huya!D4 -> RMB | E6: in thousands | F6: =Inke!C32 -> 2.5249618e+09 | G6: =F6*0.13 -> 3.2824504e+08 | H6: =Inke!D31 -> 2.2280123 | I6: =Inke!F31 -> 3.7923833 | J6: =Inke!E7 -> -0.055635936 | K6: =Inke!F15 -> 0.33813743 | L6: =Inke!F19 -> 0.16420483 | M6: =Inke!C32/(Inke!E11*1000) -> 0.65403471 | P6: ^ Note yahoo finance has their EBITDA as N/A
B7: YY (mkt cap in USD) | C7: NASDAQ: YY | D7: =YY!D4 -> RMB | E7: in thousands | F7: =YY!C32 -> 31449823666 | G7: =YY!C31 -> 4.7174735e+09 | H7: =YY!D31 -> 7.3102438 | I7: =YY!F31 -> 8.3209701 | J7: =YY!E7 -> 0.38641935 | K7: =YY!F15 -> 0.32515159 | L7: =YY!F19 -> 0.14552191 | M7: =YY!C32/(YY!E11*1000) -> 1.8184124
B8: Bilibili (mkt cap in USD) | C8: NASDAQ: BILI | D8: RMB | E8: in thousands | F8: =Bilibili!C31 -> 4.8803244e+09 | G8: =F8 -> 4.8803244e+09 | H8: =Bilibili!D31 -> #N/A | I8: =Bilibili!F31 -> #N/A | J8: =Bilibili!E7 -> 2.1948371 | K8: =Bilibili!F15 -> 0.13442451 | L8: =Bilibili!F19 -> -0.20745378 | M8: =Bilibili!C32/(Bilibili!E11*1000) -> 7.0203878
B9: Iqiyi (mkt cap in USD) | C9: NASDAQ: IQ | D9: =iQiyi!D4 -> RMB | E9: in thousands | F9: =iQiyi!C31 -> 1.3586215e+10 | G9: =F9 -> 1.3586215e+10 | H9: =iQiyi!D31 -> #N/A | I9: =IF(N9=0,"#N/A",iQiyi!F31) -> #N/A | J9: =iQiyi!E7 -> 0.61187198 | K9: =iQiyi!F15 -> -0.11464859 | L9: =iQiyi!F19 -> -0.34203411 | M9: =iQiyi!C32/(iQiyi!E11*1000) -> 3.342029 | N9: 0 | P9: ^ Note yahoo finance has their EBITDA as N/A
B10: DouYu (mkt cap in USD) | C10: NASDAQ: DOYU | D10: RMB | E10: in thousands | F10: =F24*DouYu!C19 -> 3222445475 | G10: =F10 -> 3222445475 | H10: #N/A | I10: #N/A | J10: =DouYu!E4 -> 1.1671598 | K10: =DouYu!F12 -> -0.26716551 | L10: =DouYu!F16 -> -0.16792495 | M10: =G10/(DouYu!D4*0.15*1000000) -> 5.8786586
B12: Percentile | C12: Min | D12: Median | E12: Max | F12: Chosen | G12: 1) Unfortunately, EV/EBITDA Cannot Be Uused due to DouYu having negative EBITDA. It wont be that useful even if it was positive as many comps have negative earnings as well. 2) Thus we shall use Price to Sales, commonly used for comparing Technology Focused companies such as Snapchat. 3) It is good to note that DouYu's initial price range was $11.5 to $14. This would reflect a Price to Sales range of 5.75 and 7. 4) One thing to note is that Huya, DouYu's biggest competitor, has a larger market capitalization thatn DouYu, given its pricing at at a higher Price to Sales ratio. This is no surprise, given that both have rather similar revenues, jsut that Huya is slightly more profitable at the moment ( in terms of Gross Margins and EBIT margins.) 5) This will result in two things, either DouYu looks for profitability and Remain at its current valuation (to match Huya) or DouYu's valuation gets compressed and heads to the $8 range. 6) Based on our Chosen Price to Sales range of 6. We expect that stock to trade around the $9-$11 range, until significant progress occurs.
B13: Price to Sales Range | C13: =MIN(M5:M10) -> 0.65403471 | D13: =MEDIAN(M5:M10) -> 4.6103438 | E13: =MAX(M5:M10) -> 7.0203878 | F13: 5.5
B15: DouYu's Revenue (RMB) | C15: =DouYu!$E$8*1000000 -> 4477000000 | D15: =DouYu!$E$8*1000000 -> 4477000000 | E15: =DouYu!$E$8*1000000 -> 4477000000 | F15: =DouYu!$E$8*1000000 -> 4477000000
B16: EV/EBITDA selected | C16: =C13 -> 0.65403471 | D16: =D13 -> 4.6103438 | E16: =E13 -> 7.0203878 | F16: =F13 -> 5.5
B17: Implied Enterprise Value | C17: =C16*C15 -> 2.9281134e+09 | D17: =D16*D15 -> 2.0640509e+10 | E17: =E16*E15 -> 3.1430276e+10 | F17: =F16*F15 -> 24623500000
B18: Add: Net Cash | C18: =4308.1*1000000 -> 4308100000 | D18: =4308.1*1000000 -> 4308100000 | E18: =4308.1*1000000 -> 4308100000 | F18: =4308.1*1000000 -> 4308100000
B19: Less: Total Debt | C19: 0 | D19: 0 | E19: 0 | F19: 0
B21: Implied Equity Value | C21: =(C17-C18+C19)*0.15 -> -2.0699799e+08 | D21: =(D17-D18+D19)*0.15 -> 2.4498614e+09 | E21: =(E17-E18+E19)*0.15 -> 4.0683264e+09 | F21: =(F17-F18+F19)*0.15 -> 3047310000
B22: Total Shares Outstanding | C22: =DouYu!$C$19 -> 280212650 | D22: =DouYu!$C$19 -> 280212650 | E22: =DouYu!$C$19 -> 280212650 | F22: =DouYu!$C$19 -> 280212650
B23: Fair Value Per Share | C23: =C21/C22 -> -0.73871751 | D23: =D21/D22 -> 8.742865 | E23: =E21/E22 -> 14.518711 | F23: =F21/F22 -> 10.874991
B24: Current Share Price | C24: 11.5 | D24: 11.5 | E24: 11.5 | F24: 11.5

Sheet Template
B2: 1 | E2: in thousands
B3: Company Name | C3: Exchange / Ticker | D3: Currency | E3: Cash | F3: Debt | G3: Share Count ^ | H3: Diluted Count
B6: 2016 Revenue | C6: 2017 Revenue | D6: 2018 Revenue | E6: Revenue CAGR
E7: =(((C7-B7)/B7)+((D7-C7)/C7))/2 -> #DIV/0!
B9: Revenue
B10: Year ended 31st Dec 2018 | C10: 3mths ended 31st Mar 2018 | D10: 3mths ended 31st Mar 2019 | E10: 12mths trailing Revenue
E11: =B11-C11+D11 -> 0
B13: Gross Profit
B14: Year ended 31st Dec 2018 | C14: 3mths ended 31st Mar 2018 | D14: 3mths ended 31st Mar 2019 | E14: 12mth trailing Gross Profit | F14: Gross Margins
E15: =B15-C19+D19 -> 0 | F15: =E15/E11 -> #DIV/0!
B17: Operating Profit
B18: Year ended 31st Dec 2018 | C18: 3mths ended 31st Mar 2018 | D18: 3mths ended 31st Mar 2019 | E18: 12mth trailing Operating Profit | F18: EBIT Margins
E19: =B19-C23+D23 -> 0 | F19: =(B19-C19+D19)/E11 -> #DIV/0!
B21: D&A
B22: Year ended 31st Dec 2018 | C22: 3mths ended 31st Mar 2018 | D22: 3mths ended 31st Mar 2019 | E22: 12mth trailing D&A | F22: 12mth trailing EBITDA
E23: =(B23-C23+D23) -> 0 | F23: =E19+E23 -> 0
B25: Net Income
B26: Year ended 31st Dec 2018 | C26: 3mths ended 31st Mar 2018 | D26: 3mths ended 31st Mar 2019 | E26: 12mths trailing Profit
E27: =B27-C27+D27 -> 0
B29: Yahoo Finance
B30: Share Price | C30: Market Cap | D30: Price to Earnings Ratio | E30: Enterprise Value | F30: EV/EBITDA
C31: =B31*H4/1000 -> 0 | D31: =IF(C31/E27<0,"#N/A",C31/E27) -> #DIV/0! | E31: =C31+(F4-E4)*0.15 -> 0 | F31: =E31/F23 -> #DIV/0!
C32: * take note of units

Sheet Huya
B2: 1 | E2: in thousands
B3: Company Name | C3: Exchange / Ticker | D3: Currency | E3: Cash | F3: Debt | G3: Share Count ^ | H3: Diluted Count
B4: Huya Inc | C4: NYSE: HUYA | D4: RMB | E4: 1983258 | F4: 0 | G4: 203923069 | H4: 221440050
H5: Each ADS represents one Class A ordinary share
B6: 2016 Revenue | C6: 2017 Revenue | D6: 2018 Revenue | E6: Revenue CAGR
B7: 796904 | C7: 2184816 | D7: 4663440 | E7: =(((C7-B7)/B7)+((D7-C7)/C7))/2 -> 1.4380537
B9: Revenue
B10: Year ended 31st Dec 2018 | C10: 3mths ended 31st Mar 2018 | D10: 3mths ended 31st Mar 2019 | E10: 12mths trailing Revenue
B11: 4663440 | C11: 843582 | D11: 1631478 | E11: =B11-C11+D11 -> 5451336
B13: Gross Profit
B14: Year ended 31st Dec 2018 | C14: 3mths ended 31st Mar 2018 | D14: 3mths ended 31st Mar 2019 | E14: 12mth trailing Gross Profit | F14: Gross Margins
B15: 729793 | C15: 131049 | D15: 273373 | E15: =B15-C19+D19 -> 729860 | F15: =E15/E11 -> 0.13388645
B17: Operating Profit
B18: Year ended 31st Dec 2018 | C18: 3mths ended 31st Mar 2018 | D18: 3mths ended 31st Mar 2019 | E18: 12mth trailing Operating Profit | F18: EBIT Margins
B19: 26662 | C19: 28151 | D19: 28218 | E19: =B19-C23+D23 -> 26662 | F19: =(B19-C19+D19)/E11 -> 0.0049032017
B21: D&A
B22: Year ended 31st Dec 2018 | C22: 3mths ended 31st Mar 2018 | D22: 3mths ended 31st Mar 2019 | E22: 12mth trailing D&A | F22: 12mth trailing EBITDA
B23: 26697 | E23: =(B23-C23+D23) -> 26697 | F23: =E19+E23 -> 53359
B25: Net Income
B26: Year ended 31st Dec 2018 | C26: 3mths ended 31st Mar 2018 | D26: 3mths ended 31st Mar 2019 | E26: 12mths trailing Profit
B27: -2506312 | C27: -496169 | D27: 63460 | E27: =B27-C27+D27 -> -1946683
B29: Yahoo Finance
B30: Share Price | C30: Market Cap | D30: Price to Earnings Ratio | E30: Enterprise Value | F30: EV/EBITDA
B31: 24.19 | C31: =B31*H4 -> 5.3566348e+09 | D31: =IF(C32/(E27*1000)<0,"#N/A",C32/(E27*1000)) -> #N/A | E31: =C32+(F4-E4)*1000 -> 33727640730 | F31: =E31/F23/1000 -> 632.08907 | G31: ^ Note yahoo finance has their EBITDA as negative
B32: USD | C32: =C31/0.15 -> 35710898730 | E32: currency conversion here

Sheet Inke
B2: 1 | E2: in thousands
B3: Company Name | C3: Exchange / Ticker | D3: Currency | E3: Cash | F3: Debt | G3: Share Count ^ | H3: Diluted Count
B4: Inke | C4: HKG: 3700 | D4: RMB | E4: 849629 | F4: 0 | G4: 1412996000 | H4: 1875343000
G5: in thousands
B6: 2016 Revenue | C6: 2017 Revenue | D6: 2018 Revenue | E6: Revenue CAGR
B7: 4334859 | C7: 3941596 | D7: 3860593 | E7: =(((C7-B7)/B7)+((D7-C7)/C7))/2 -> -0.055635936
B9: Revenue
B10: Year ended 31st Dec 2018 | C10: 3mths ended 31st Mar 2018 | D10: 3mths ended 31st Mar 2019 | E10: 12mths trailing Revenue
B11: 3860593 | E11: =B11-C11+D11 -> 3860593
B13: Gross Profit
B14: Year ended 31st Dec 2018 | C14: 3mths ended 31st Mar 2018 | D14: 3mths ended 31st Mar 2019 | E14: 12mth trailing Gross Profit | F14: Gross Margins
B15: 1305411 | E15: =B15-C19+D19 -> 1305411 | F15: =E15/E11 -> 0.33813743
B17: Operating Profit
B18: Year ended 31st Dec 2018 | C18: 3mths ended 31st Mar 2018 | D18: 3mths ended 31st Mar 2019 | E18: 12mth trailing Operating Profit | F18: EBIT Margins
B19: 633928 | E19: =B19-C23+D23 -> 633928 | F19: =(B19-C19+D19)/E11 -> 0.16420483
B21: D&A
B22: Year ended 31st Dec 2018 | C22: 3mths ended 31st Mar 2018 | D22: 3mths ended 31st Mar 2019 | E22: 12mth trailing D&A | F22: 12mth trailing EBITDA
B23: =15484+16189 -> 31673 | E23: =(B23-C23+D23) -> 31673 | F23: =E19+E23 -> 665601
B25: Net Income
B26: Year ended 31st Dec 2018 | C26: 3mths ended 31st Mar 2018 | D26: 3mths ended 31st Mar 2019 | E26: 12mths trailing Profit
B27: 1133280 | E27: =B27-C27+D27 -> 1133280 | F27: ^ larger than operating profit because of FV gain of financial instruments with prefered rights
B29: Yahoo Finance
B30: Share Price | C30: Market Cap | D30: Price to Earnings Ratio | E30: Enterprise Value | F30: EV/EBITDA
B31: 1.53 | C31: =B31*H4 -> 2869274790 | D31: =IF(C32/(E27*1000)<0,"#N/A",C32/(E27*1000)) -> 2.2280123 | E31: =C32+(F4-E4)*0.88 -> 2.5242141e+09 | F31: =E31/F23/1000 -> 3.7923833 | G31: ^ Note yahoo finance has their EBITDA as negative
B32: HKD | C32: =C31*0.88 -> 2.5249618e+09 | E32: currency conversion here
C33: * take note of units
C34: currency conversion here

Sheet Links & Details
A1: *** | B1: https://www.sec.gov/Archives/edgar/data/1762417/000104746919004144/a2239226zf-1a.htm#dy77301_business
B3: https://www.fool.com/investing/2019/04/25/huyas-biggest-competitor-just-filed-its-us-ipo.aspx
B4: Twitch is the leader in its core U.S. market by a wide margin, but Huya is the second-largest streaming platform in China after Douyu
B5: Huya's monthly active users (MAUs) rose 35% annually to 116.6 million last quarter. Douyu's MAUs increased 14% to 153.5 million. Huya's number of paying users rose 73% annually to 4.8 million during the fourth quarter, while Douyu's paid users grew 17% to 4.2 million.
B6: Douyu also provided its user growth figures for the first quarter of 2019. Its MAUs rose 26% annually to 159.2 million, and its paying users climbed 67% to 6 million.
B7: ** Market share data questionable
B8: Huya and Douyu both generate the majority of their revenues through sales of virtual items, which viewers buy for their favorite broadcasters. Some 95% of Huya's revenue came from virtual gift sales in the fourth quarter, compared with 86% of Douyu's revenue in the same quarter. Most of the remaining revenue for both companies came from online ads.
B9: Both companies boast impressive revenue growth rates. Huya's surged 113% to $678.3 million in 2018, while Douyu's rose 94% to $531.5 million. However, neither company is profitable yet, due to high infrastructure and content acquisition costs like revenue-sharing deals with top broadcasters. Huya posted a net loss of $281.8 million last year, while Douyu posted a net loss of $127.4 million.
B10: Huya's and Douyu's impressive growth in MAUs, paid users, and revenues reflects the strength of the live streaming and gaming industries in China. However, both markets are highly vulnerable to government crackdowns.
B11: Chinese regulators clamped down on live streaming platforms over the past two years due to censorship issues, and the gaming industry is still recovering from a nine-month freeze on new video game approvals.
B13: https://www.fool.com/investing/2018/10/10/thinking-of-buying-huya-stock-heres-what-you-need.aspx
B14: SuperData Research estimates that more than 660 million people worldwide watched video gaming content in 2017, and both viewership and monetization look primed for continued growth.
B15: A report Huya had commissioned by market researcher Frost & Sullivan estimates total revenue for the Chinese gaming market in 2017 at $32.2 billion and a compound annual growth rate of 13.3% through 2022
... B27: As for Huya, its content is a bit more diversified. For gaming, Huya has approximately 300 featured channels in 4 categories including different kinds of games. Other than this, they also include a variety of other entertainment such as music, sports, beauty, mukbang (people eating lots of food while talking to the camera) etc.
A29: Inke | B29: https://asiaspeakers.org/blog/hidden-world-chinese-livestreaming-app-inke
B31: About the Company
B32: As for Huya, its content is a bit more diversified. For gaming, Huya has approximately 300 featured channels in 4 categories including different kinds of games. Other than this, they also include a variety of other entertainment such as music, sports, beauty, mukbang (people eating lots of food while talking to the camera) etc.

Sheet YY
H1: * All amounts in thousands, except share, ADS and per ADS data
B2: 1 | E2: in thousands
B3: Company Name | C3: Exchange / Ticker | D3: Currency | E3: Cash | F3: Debt | G3: Share Count ^ | H3: Diluted Count
B4: YY | C4: NASDAQ: YY | D4: RMB | E4: 8936229 | F4: 1282516 | G4: 69097090 | H4: 69640885
G5: ADS used here
B6: 2016 Revenue | C6: 2017 Revenue | D6: 2018 Revenue | E6: Revenue CAGR
B7: 8204050 | C7: 11594792 | D7: 15763557 | E7: =(((C7-B7)/B7)+((D7-C7)/C7))/2 -> 0.38641935
B9: Revenue
B10: Year ended 31st Dec 2018 | C10: 3mths ended 31st Mar 2018 | D10: 3mths ended 31st Mar 2019 | E10: 12mths trailing Revenue
B11: 15763557 | C11: 3248931 | D11: 4780584 | E11: =B11-C11+D11 -> 17295210
B13: Gross Profit
B14: Year ended 31st Dec 2018 | C14: 3mths ended 31st Mar 2018 | D14: 3mths ended 31st Mar 2019 | E14: 12mth trailing Gross Profit | F14: Gross Margins
B15: 5746423 | C15: 1233134 | D15: 1620259 | E15: =B15-C19+D19 -> 5623565 | F15: =E15/E11 -> 0.32515159
B17: Operating Profit
B18: Year ended 31st Dec 2018 | C18: 3mths ended 31st Mar 2018 | D18: 3mths ended 31st Mar 2019 | E18: 12mth trailing Operating Profit | F18: EBIT Margins
B19: 2639690 | C19: 596409 | D19: 473551 | E19: =B19-C23+D23 -> 2639690 | F19: =(B19-C19+D19)/E11 -> 0.14552191
B21: D&A
B22: Year ended 31st Dec 2018 | C22: 3mths ended 31st Mar 2018 | D22: 3mths ended 31st Mar 2019 | E22: 12mth trailing D&A | F22: 12mth trailing EBITDA
B23: =150991+69095 -> 220086 | E23: =(B23-C23+D23) -> 220086 | F23: =E19+E23 -> 2859776
B25: Net Income
B26: Year ended 31st Dec 2018 | C26: 3mths ended 31st Mar 2018 | D26: 3mths ended 31st Mar 2019 | E26: 12mths trailing Profit
B27: 1641958 | C27: 444138 | D27: 3104338 | E27: =B27-C27+D27 -> 4302158
B29: Yahoo Finance
B30: Share Price | C30: Market Cap | D30: Price to Earnings Ratio | E30: Enterprise Value | F30: EV/EBITDA
B31: 67.74 | C31: =B31*H4 -> 4.7174735e+09 | D31: =IF(C32/(E27*1000)<0,"#N/A",C32/(E27*1000)) -> 7.3102438 | E31: =C32+(F4-E4)*1000 -> 23796110666 | F31: =E31/(F23*1000) -> 8.3209701
B32: USD | C32: =C31/0.15 -> 31449823666
C33: * take note of units

Sheet Bilibili
B2: 1 | E2: in thousands
B3: Company Name | C3: Exchange / Ticker | D3: Currency | E3: Cash | F3: Debt | G3: Share Count ^ | H3: Diluted Count
B4: Bilibili | C4: NASDAQ: BILI | D4: RMB | E4: 2714625 | F4: 100000 | G4: 311841813 | H4: 311841813
B6: 2016 Revenue | C6: 2017 Revenue | D6: 2018 Revenue | E6: Revenue CAGR
B7: 523310 | C7: 2468449 | D7: 4128931 | E7: =(((C7-B7)/B7)+((D7-C7)/C7))/2 -> 2.1948371
B9: Revenue
B10: Year ended 31st Dec 2018 | C10: 3mths ended 31st Mar 2018 | D10: 3mths ended 31st Mar 2019 | E10: 12mths trailing Revenue
B11: 4128931 | C11: 868008 | D11: 1373507 | E11: =B11-C11+D11 -> 4634430
B13: Gross Profit
B14: Year ended 31st Dec 2018 | C14: 3mths ended 31st Mar 2018 | D14: 3mths ended 31st Mar 2019 | E14: 12mth trailing Gross Profit | F14: Gross Margins
B15: 855438 | C15: 197044 | D15: 189316 | E15: =B15-C19+D19 -> 622981 | F15: =E15/E11 -> 0.13442451
B17: Operating Profit
B18: Year ended 31st Dec 2018 | C18: 3mths ended 31st Mar 2018 | D18: 3mths ended 31st Mar 2019 | E18: 12mth trailing Operating Profit | F18: EBIT Margins
B19: -728973 | C19: -74276 | D19: -306733 | E19: =B19-C23+D23 -> -794883 | F19: =(B19-C19+D19)/E11 -> -0.20745378
B21: D&A
B22: Year ended 31st Dec 2018 | C22: 3mths ended 31st Mar 2018 | D22: 3mths ended 31st Mar 2019 | E22: 12mth trailing D&A | F22: 12mth trailing EBITDA
B23: =542731+99714 -> 642445 | C23: -120050 | D23: -185960 | E23: =(B23-C23+D23) -> 576535 | F23: =E19+E23 -> -218348
B25: Net Income
B26: Year ended 31st Dec 2018 | C26: 3mths ended 31st Mar 2018 | D26: 3mths ended 31st Mar 2019 | E26: 12mths trailing Profit
B27: -320295 | C27: -120050 | D27: -185960 | E27: =B27-C27+D27 -> -386205
B29: Yahoo Finance
B30: Share Price | C30: Market Cap | D30: Price to Earnings Ratio | E30: Enterprise Value | F30: EV/EBITDA
B31: 15.65 | C31: =B31*H4 -> 4.8803244e+09 | D31: =IF(C32/E27<0,"#N/A",C32/E27) -> #N/A | E31: =C32+(F4-E4)*1000 -> 29920870823 | F31: =IF(E31/(F23*1000)<0,"#N/A",(E31/(F23*1000))) -> #N/A
B32: USD | C32: =C31/0.15 -> 32535495823
C33: * take note of units

Sheet iQiyi
B2: 1 | E2: in thousands
B3: Company Name | C3: Exchange / Ticker | D3: Currency | E3: Cash | F3: Debt | G3: Share Count ^ | H3: Diluted Count
B4: Iqiyi | C4: NASDAQ: IQ | D4: RMB | E4: 11874293 | F4: =3586155+651276 -> 4237431 | G4: =5083030810/7 -> 7.2614726e+08 | H4: =G4 -> 7.2614726e+08
B6: 2016 Revenue | C6: 2017 Revenue | D6: 2018 Revenue | E6: Revenue CAGR
B7: 11237407 | C7: 11237407 | D7: 24989116 | E7: =(((C7-B7)/B7)+((D7-C7)/C7))/2 -> 0.61187198
B9: Revenue
B10: Year ended 31st Dec 2018 | C10: 3mths ended 31st Mar 2018 | D10: 3mths ended 31st Mar 2019 | E10: 12mths trailing Revenue
B11: 24989116 | C11: 4877305 | D11: 6989919 | E11: =B11-C11+D11 -> 27101730
B13: Gross Profit
B14: Year ended 31st Dec 2018 | C14: 3mths ended 31st Mar 2018 | D14: 3mths ended 31st Mar 2019 | E14: 12mth trailing Gross Profit | F14: Gross Margins
B15: =24989116-27132811 -> -2143695 | C15: =C11-4848219 -> 29086 | D15: =D11-7277196 -> -287277 | E15: =B15-C19+D19 -> -3107175 | F15: =E15/E11 -> -0.11464859
B17: Operating Profit
B18: Year ended 31st Dec 2018 | C18: 3mths ended 31st Mar 2018 | D18: 3mths ended 31st Mar 2019 | E18: 12mth trailing Operating Profit | F18: EBIT Margins
B19: -8306236 | C19: -1062480 | D19: -2025960 | E19: =B19-C23+D23 -> -8306236 | F19: =(B19-C19+D19)/E11 -> -0.34203411
B21: D&A
B22: Year ended 31st Dec 2018 | C22: 3mths ended 31st Mar 2018 | D22: 3mths ended 31st Mar 2019 | E22: 12mth trailing D&A | F22: 12mth trailing EBITDA
B23: =312138+346672+12055624+2265543 -> 14979977 | E23: =(B23-C23+D23) -> 14979977 | F23: =E19+E23 -> 6673741
B25: Net Income
B26: Year ended 31st Dec 2018 | C26: 3mths ended 31st Mar 2018 | D26: 3mths ended 31st Mar 2019 | E26: 12mths trailing Profit
B27: -9408766 | C27: -685056 | D27: -1813976 | E27: =B27-C27+D27 -> -10537686
B29: Yahoo Finance
B30: Share Price | C30: Market Cap | D30: Price to Earnings Ratio | E30: Enterprise Value | F30: EV/EBITDA
B31: 18.71 | C31: =B31*H4 -> 1.3586215e+10 | D31: =IF(C32/(E27*1000)<0,"#N/A",C31/(E27*1000)) -> #N/A | E31: =C32+(F4-E4)*1000 -> 8.2937906e+10 | F31: =E31/F23 -> 12427.498
B32: USD | C32: =C31/0.15 -> 9.0574768e+10
C33: * take note of units

Sheet DouYu
B3: 2016 Revenue | C3: 2017 Revenue | D3: 2018 Revenue | E3: Revenue CAGR
B4: 786.9 | C4: 1885.7 | D4: 3654.4 | E4: =(((C4-B4)/B4)+((D4-C4)/C4))/2 -> 1.1671598
B6: Revenue
B7: Year ended 31st Dec 2018 | C7: 3mths ended 31st Mar 2018 | D7: 3mths ended 31st Mar 2019 | E7: 12mths trailing Revenue
B8: 3654.4 | C8: 666.5 | D8: 1489.1 | E8: =B8-C8+D8 -> 4477
B10: Gross Profit
B11: Year ended 31st Dec 2018 | C11: 3mths ended 31st Mar 2018 | D11: 3mths ended 31st Mar 2019 | E11: 12mth trailing Gross Profit | F11: Gross Margins
B12: =-552 -> -552 | C12: =-641.9 -> -641.9 | D12: =-1286 -> -1286 | E12: =B12-C12+D12 -> -1196.1 | F12: =E12/E8 -> -0.26716551
B14: Operating Profit
B15: Year ended 31st Dec 2018 | C15: 3mths ended 31st Mar 2018 | D15: 3mths ended 31st Mar 2019 | E15: 12mth trailing Operating Profit | F15: EBIT Margins
B16: =-859.1 -> -859.1 | C16: =-155.8 -> -155.8 | D16: =-48.5 -> -48.5 | E16: =B16-C16+D16 -> -751.8 | F16: =E16/E8 -> -0.16792495
B18: Ordinary Shares | C18: 28021265
B19: ADS | C19: =C18*10 -> 280212650

Sheet Description of Comps
B2: Listed Comparables - Video Streaming. Attempt to be Game focusedd
A3: 1 | B3: Huya, backed by Tencent and listed in May 2018, focuses more on game live-streaming, targeting gamer enthusiasts of China’s young generation.
A4: 2 | B4: DouYu is also backed by Tencent
A5: 3 | B5: Inke is a Hong Kong Listed, Chinese Livestreaming App
A6: 4 | B6: YY, Huya's parent is a competitor as well?
A7: 5 | B7: Bilibili was built as a video-sharing website themed around animation, comic, and games where users can submit, view, and add commentary subtitles on videos.
B8: offers streaming videos, online comics, and games to 92.8 million MAUs and 4.4 million paying users
A9: 6 | B9: IQiyi, the Netflix of China, features popular original content, as well as other high quality partner-generated and user-generated content.

Sheet Financial Metrics
A3: RMB | B3: Year | C3: 2016 | D3: 2017 | E3: 2018
A4: * | B4: Cash and cash equivalents | C4: 516823810 | D4: 539601552 | E4: 5562204889
B5: TOTAL ASSETS | C5: 778916265 | D5: 1031614176 | E5: 6494851722
B6: Cash as a % of Total Assets | C6: =C4/C5 -> 0.66351652 | D6: =D4/D5 -> 0.52306527 | E6: =E4/E5 -> 0.85640214
B7: Total current assets | C7: 675915861 | D7: 862853562 | E7: 6117009044
B8: Total current liabilities | C8: 523900298 | D8: 871921515 | E8: 2863912570 | F8: > Driven by Accounts Payables.
A9: * | B9: Current Ratio | C9: =C7/C8 -> 1.2901612 | D9: =D7/D8 -> 0.98960004 | E9: =E7/E8 -> 2.1358924
B10: No Debt!
A12: RMB | B12: Year | C12: 2016 | D12: 2017 | E12: 2018
A13: * | B13: Net revenues | C13: 786841976 | D13: 1885717001 | E13: 3654383126
B14: Cost of revenues | C14: =-1155081738 -> -1155081738 | D14: =-1890368777 -> -1890368777 | E14: =-3503356228 -> -3503356228
B15: Gross profit | C15: =SUM(C13:C14) -> -368239762 | D15: =SUM(D13:D14) -> -4651776 | E15: =SUM(E13:E14) -> 151026898
A16: * | B16: Gross Margins | C16: =C15/C13 -> -0.4679971 | D16: =D15/D13 -> -0.0024668474 | E16: =E15/E13 -> 0.041327604
B17: Loss from operations | C17: -776388308 | D17: -618387515 | E17: -859119990
B18: Depreciation | C18: 6819543 | D18: 23167001 | E18: 26996910
B19: Amortization | C19: 244138 | D19: 2875712 | E19: 18548448
B20: EBITDA | C20: =C17+C18+C19 -> -769324627 | D20: =D17+D18+D19 -> -592344802 | E20: =E17+E18+E19 -> -813574632
A21: * | B21: EBITDA margin | C21: =C20/C13 -> -0.97773714 | D21: =D20/D13 -> -0.31412179 | E21: =E20/E13 -> -0.22262981
B22: Net loss | C22: -782891758 | D22: -612897944 | E22: -876279828
A23: * | B23: Net Income Margin | C23: =C22/C13 -> -0.99497966 | D23: =D22/D13 -> -0.32502117 | E23: =E22/E13 -> -0.23978871
B25: Weighted average shares | C25: 8115160
